 Dungeon Crawl Stone Soup version 0.22.1-2-g9c5b331383 (webtiles) character file.

683 Martyan the Chopper (level 7, -1/62 HPs)
             Began as a Minotaur Berserker on Dec 26, 2018.
             Was a Priest of Trog.
             Slain by a worker ant (4 damage)
             ... on level 5 of the Dungeon on Dec 27, 2018.
             The game lasted 01:16:14 (7298 turns).

Martyan the Chopper (Minotaur Berserker)            Turns: 7298, Time: 01:16:15

Health: -1/62      AC:  3    Str: 22    XL:     7   Next: 35%
Magic:  6/6        EV: 12    Int:  4    God:    Trog [***...]
Gold:   168        SH:  0    Dex:  7    Spells: 6/6 levels left

rFire    . . .     SeeInvis .   T - staff of death (curse)
rCold    . . .     Gourm    .   (no shield)
rNeg     + . .     Faith    .   n - +0 leather armour
rPois    .         Spirit   .   (helmet restricted)
rElec    .         Reflect  .   (no cloak)
rCorr    .         Harm     .   (no gloves)
MR       .....                  R - +1 pair of boots
Stlth    +.........             (no amulet)
HPRegen  0.20/turn              Q - -4 ring of dexterity (curse)
MPRegen  0.10/turn              L - -2 ring of protection (curse)

@: lethally poisoned (-1 -> -24)
A: retaliatory headbutt, horns 2
a: Berserk, Trog's Hand, Renounce Religion


You were on level 5 of the Dungeon.
You worshipped Trog.
Trog was most pleased with you.
You were not hungry.

You visited 1 branch of the dungeon, and saw 5 of its levels.

You collected 168 gold pieces.

Inventory:

Hand Weapons
 a - a +0 hand axe
 e - a +0 short sword
 i - a +0 club
 j - a +0 hunting sling
 k - a +1 dagger of holy wrath
 p - a +0 hunting sling
 x - a +0 falchion of slicing
 C - a +0 mace
 F - a +0 war axe
 H - a +2 whip of electrocution
 K - a +0 trident
 M - a cursed -3 dagger
 N - a +0 flail
 V - a +0 quarterstaff
Missiles
 d - 106 stones (quivered)
 y - 76 sling bullets
 A - 66 arrows
 B - 19 poisoned needles
 E - 5 tomahawks
 G - 5 steel tomahawks
 P - 8 tomahawks of returning
Armour
 b - a +0 animal skin
 n - a +0 leather armour (worn)
 w - a +0 robe
 D - a +0 plate armour
 I - a +0 scale mail
 J - a +1 scale mail of poison resistance
 R - a +1 pair of boots (worn)
Magical Staves
 T - a cursed staff of death (weapon)
Jewellery
 m - an uncursed ring of fire
 L - a cursed -2 ring of protection (right hand)
 Q - a cursed -4 ring of dexterity (left hand)
Scrolls
 f - a scroll of noise {unknown}
 g - a scroll of enchant weapon {unknown}
 l - a scroll of blinking {unknown}
 o - 5 scrolls of identify {unknown}
 q - 2 scrolls of fog {unknown}
 s - 2 scrolls of random uselessness {unknown}
 u - 2 scrolls of magic mapping {unknown}
 z - a scroll of remove curse {unknown}
 X - 2 scrolls of teleportation {unknown}
Potions
 c - a potion of brilliance {unknown}
 h - 2 potions of degeneration {unknown}
 r - 2 potions of ambrosia {unknown}
 t - 2 potions of curing {unknown}
 v - a potion of resistance {unknown}
 O - a potion of flight {unknown}
 U - a potion of mutation {unknown}
 W - a potion of berserk rage {unknown}


   Skills:
 + Level 5.9 Fighting
 + Level 6.6 Axes
 + Level 1.2 Staves
 + Level 1.1(1.6) Slings
 + Level 1.5(1.7) Throwing
 + Level 4.0 Armour
 + Level 3.4 Dodging
 * Level 2.1 Stealth


You had 6 spell levels left.
You didn't know any spells.
Your spell library was empty.

Dungeon Overview and Level Annotations

Branches:
Dungeon (5/15)
 Temple: D:4-7

Altars:
The Shining One


Innate Abilities, Weirdness & Mutations

You reflexively headbutt those who attack you in melee.
You have a pair of horns on your head.


Message History

* * * LOW HITPOINT WARNING * * *
You feel sick. The worker ant barely misses you.
Throwing (i - inventory. (/) - cycle)
d - 108 stones (quivered)
Press: ? - help, Shift-Dir - straight line, f/p - worker ant
Aim: a worker ant (heavily wounded)
You throw a stone.
The stone closely misses the worker ant.
* * * LOW HITPOINT WARNING * * *
You feel sick. The worker ant bites you.
* * * LOW HITPOINT WARNING * * *
You are more poisoned.
The worker ant poisons you!
Throwing (i - inventory. (/) - cycle)
d - 107 stones (quivered)
Press: ? - help, Shift-Dir - straight line, f/p - worker ant
Aim: a worker ant (heavily wounded)
You throw a stone. The stone barely misses the worker ant.
* * * LOW HITPOINT WARNING * * *
You feel very sick. The worker ant bites you.
You die...

..# #....+ #........#
.....#....##.#........#
#.........#........#
#.####.####........#
#.............#
#.####........# ####(#
####'##### #..a.# #.#
#..#@#.# #.# #....#.#
#.# ##.?##a# #.# ##%
#.# #.# #. #.# #.# ##
#.# #.###### ..#
#....... #....... #.###
#<......


You could see a worker ant.

Vanquished Creatures
  2 phantoms (D:4)
  A scorpion (D:4)
  An orc wizard (D:3)
  Natasha (thrice) (D:3)
  Ijyb (D:3)
  An iguana (D:5)
  A worker ant (D:4)
  A hound zombie (D:5)
  Robin (D:3)
  4 gnolls
  8 adders
  An ooze (D:1)
  3 worms
  5 leopard geckos
  16 orcs (D:3)
  3 giant cockroaches
  25 goblins
  7 hobgoblins
  7 jackals (D:3)
  11 kobolds
  2 quokkas
  2 ball pythons
  6 bats
  A frilled lizard (D:1)
  5 rats
118 creatures vanquished.

Notes
Turn   | Place    | Note
-------+----------+-------------------------------------------
     0 | D:1      | Martyan the Minotaur Berserker began the quest for the Orb.
     0 | D:1      | Reached XP level 1. HP: 19/19 MP: 0/0
   138 | D:1      | Reached XP level 2. HP: 15/27 MP: 1/1
   800 | D:1      | Reached skill level 4 in Axes
   800 | D:1      | Reached XP level 3. HP: 34/34 MP: 2/2
  1064 | D:1      | Reached ** piety under Trog
  2009 | D:2      | Reached skill level 5 in Fighting
  2009 | D:2      | Reached XP level 4. HP: 42/42 MP: 3/3
  3031 | D:2      | Found a faded altar of an unknown god.
  3374 | D:3      | Found a glowing golden altar of the Shining One.
  3401 | D:3      | Reached XP level 5. HP: 48/48 MP: 4/4
  3509 | D:3      | Noticed Natasha
  3516 | D:3      | Killed Natasha
  3633 | D:3      | Reached skill level 5 in Axes
  4046 | D:3      | Noticed Natasha
  4057 | D:3      | Killed Natasha
  4057 | D:3      | Reached skill level 1 in Slings
  4144 | D:3      | Noticed Robin
  4151 | D:3      | Reached *** piety under Trog
  4154 | D:3      | Reached XP level 6. HP: 56/56 MP: 5/5
  4166 | D:3      | Killed Robin
  4171 | D:3      | Reached skill level 1 in Stealth
  4248 | D:3      | Noticed Ijyb
  4320 | D:3      | Killed Ijyb
  4634 | D:3      | Noticed Natasha
  4646 | D:3      | Killed Natasha
  4867 | D:4      | Reached skill level 6 in Axes
  5235 | D:4      | Reached skill level 1 in Throwing
  5894 | D:4      | Reached XP level 7. HP: 15/62 MP: 6/6
  5998 | D:4      | HP: 3/62 [scorpion (3)]
  6688 | D:5      | Entered Level 5 of the Dungeon
  6761 | D:5      | Reached skill level 1 in Staves
  7298 | D:5      | HP: 3/62 [poisoned by a worker ant]
  7298 | D:5      | Slain by a worker ant

Skill      XL: |  1  2  3  4  5  6  7 |
---------------+----------------------+-----
Fighting       | 4 5 |  5.9
Axes           | 4 5 6 |  6.6
Armour         | 3 4 |  4.0
Slings         | 1 |  1.1
Stealth        | 2 |  2.1
Dodging        | 3 |  3.4
Throwing       | 1 |  1.5
Staves         | 1 |  1.2

Action                   |  1- 3 |  4- 6 |  7- 9 || total
-------------------------+-------+-------+-------++-------
Melee: Hand axe          |    45 |    72 |       ||   117
       Headbutt          |     9 |    21 |       ||    30
       Hunting sling     |     8 |       |       ||     8
       War axe           |       |    65 |       ||    65
       Quarterstaff      |       |    13 |       ||    13
       Staff             |       |     3 |    43 ||    46
 Fire: Hunting sling     |       |     5 |       ||     5
Throw: Stone             |    12 |    36 |    16 ||    64
       Tomahawk          |       |     2 |       ||     2
Invok: Berserk           |     3 |     5 |       ||     8
       Trog's Hand       |       |     1 |       ||     1
  Eat: Chunk             |     3 |     8 |       ||    11
       Ration            |     1 |     2 |     2 ||     5
Armor: Animal skin       |     6 |       |       ||     6
       Robe              |       |     4 |       ||     4
       Scale mail        |       |    15 |       ||    15
       Leather armour    |       |    23 |    14 ||    37
Dodge: Dodged            |    44 |   129 |    66 ||   239
